 Dungeon Crawl Stone Soup version 0.28.0-53-g5a82cb258f (webtiles) character file.

Game seed: 18184737378306976839

35320 BeingJoeMalik the Devastator (level 13, -3/70 HPs)
             Began as a Tengu Conjurer on July 26, 2022.
             Was a High Priest of Hepliaklqana.
             Slain by a skeletal warrior
             ... wielding a +0 halberd
             ... led by a skeletal warrior
              (22 damage)
             ... on level 12 of the Dungeon.
             The game lasted 00:54:58 (15966 turns).

BeingJoeMalik the Devastator (Tengu Conjurer)      Turns: 15966, Time: 00:54:59

Health: -3/70      AC:  7    Str: 10    XL:     13   Next: 83%
Magic:  23/30      EV: 14    Int: 27    God:    Hepliaklqana [*****.]
Gold:   788        SH:  7    Dex: 13    Spells: 21/36 levels left

rFire   . . .      SeeInvis +   B - +7 whip of the Common Good {vamp, Str+2 Int+4}
rCold   . . .      Faith    .   x - +2 buckler
rNeg    + . .      Spirit   .   C - +0 steam dragon scales
rPois   +          Reflect  .   (helmet restricted)
rElec   .          Harm     .   (no cloak)
rCorr   .          Rampage  .   (no gloves)
Will    .....                   (boots unavailable)
Stlth   ++........              G - amulet of magic regeneration
HPRegen 0.21/turn               b - ring of see invisible
MPRegen 0.62/turn               k - ring of Suspicion {rPois rN+}

@: flying quickly and evasively, quick
A: reduced essence, beak, talons 3, nimble flight, iridescent scales 1, sense
surroundings 1
a: Renounce Religion, Recall Ancestor, Ancestor Identity, Transference, Idealise


You were on level 12 of the Dungeon.
You worshipped Hepliaklqana.
Hepliaklqana was extremely pleased with you.
You visited 2 branches of the dungeon, and saw 13 of its levels.
You also visited: Sewer and Bailey.

You collected 998 gold pieces.
You spent 210 gold pieces at shops.

Inventory:

Hand Weapons
 c - a +3 dagger of draining
 j - a +3 dagger of venom
 B - the +7 whip of the Common Good (weapon) {vamp, Str+2 Int+4}
   (You bought it in a shop on level 2 of the Dungeon)

   It occasionally heals its wielder for a portion of the damage dealt when it
   wounds a living foe.
   Str:       It affects your strength (+2).
   Int:       It affects your intelligence (+4).
Missiles
 i - 6 javelins
 o - 13 poisoned darts (quivered)
 y - 2 boomerangs of dispersal
 z - 2 throwing nets
Armour
 a - a +0 robe
 x - a +2 buckler (worn)
 C - +0 steam dragon scales (worn)
Magical Staves
 s - a staff of earth
Jewellery
 b - a ring of see invisible (left hand)
 f - an amulet of the acrobat
 k - the ring of Suspicion (right hand) {rPois rN+}
   (You acquired it on level 5 of the Dungeon)

   [ring of positive energy]

   rPois:     It protects you from poison.
   rN:        It protects you from negative energy.
 p - a ring of ice
 v - a ring of willpower
 E - a ring of positive energy
 G - an amulet of magic regeneration (around neck)
Wands
 J - a wand of digging (5)
Scrolls
 e - 6 scrolls of magic mapping
 g - a scroll of immolation
 h - 5 scrolls of teleportation
 m - 2 scrolls of blinking
 t - 3 scrolls of enchant weapon
 u - 3 scrolls of fear
 H - a scroll of fog
 I - 2 scrolls of identify
Potions
 d - a potion of berserk rage
 l - 3 potions of lignification
 n - 2 potions of curing
 q - a potion of cancellation
 r - a potion of ambrosia
 w - 2 potions of resistance
 A - 2 potions of haste
 D - a potion of magic
Miscellaneous
 F - a phantom mirror


   Skills:
 * Level 7.6 Fighting
 - Level 2.1 Dodging
 - Level 2.0 Stealth
 * Level 6.8 Shields
 + Level 12.4 Spellcasting
 + Level 17.2 Conjurations
 * Level 7.1 Fire Magic


You had 21 spell levels left.
You knew the following spells:

 Your Spells              Type           Power      Damage    Failure   Level
a - Magic Dart            Conj           100%       1d8       0%          1
b - Searing Ray           Conj           100%       2d8       0%          2
c - Foxfire               Conj/Fire      100%       2x1d9     1%          1
d - Conjure Flame         Conj/Fire      70%        6-21      1%          3
e - Flame Wave            Conj/Fire      70%        2d13      1%          4
f - Sticky Flame          Conj/Fire      70%        2d8       1%          4

Your spell library contained the following spells:

 Spells                   Type           Power      Damage    Failure   Level
 Dazzling Flash           Conj/Hex       100%       N/A       1%          3
 Fulminant Prism          Conj/Hex       29%        3d14      1%          4
 Iskenderun's Mystic Bla  Conj/Tloc      58%        2d12      1%          4
 Inner Flame              Hex/Fire       36%        N/A       3%          3
 Sting                    Tmut/Pois      64%        1d6       4%          1
 Ignite Poison            Fire/Tmut/Pois 29%        N/A       4%          3
 Poisonous Vapours        Pois/Air       32%        N/A       6%          2
 Cause Fear               Hex            8%         N/A       38%         4
 Olgreb's Toxic Radiance  Pois           16%        N/A       38%         4
 Summon Forest            Summ/Tloc      8%         N/A       75%         5
 Summon Mana Viper        Hex/Summ       16%        N/A       75%         5
 Summon Cactus Giant      Summ           8%         N/A       100%        6
 Discord                  Hex            8%         N/A       100%        8


Dungeon Overview and Level Annotations

Branches:
Dungeon (12/15)            Temple (1/1) D:7            Lair (0/6) D:10
    Orc (0/2) D:10          Sewer (visited)          Bailey (visited)

Altars:
Ashenzari
Cheibriados
Dithmenos
Elyvilon
Fedhas
Gozag
Hepliaklqana
Kikubaaqudgha
Makhleb
Nemelex Xobeh
Okawaru
Qazlal
Ru
Sif Muna
Trog
Uskayaw
Vehumet
Wu Jian
Xom
Yredelemnul
Zin
The Shining One
Lugonu

Shops:
D:2 (   D:8 !


Innate Abilities, Weirdness & Mutations

Your life essence is reduced to manifest your ancestor. (-10% HP)
You have a beak for a mouth.
You have claws for feet.
Your magical nature lets you fly swiftly and evasively.
You are partially covered in iridescent scales. (AC +2)
You passively map a small area around you.


Message History

The skeletal warrior is lightly damaged.
You finish channelling your searing ray.
Xiloxoch hits the skeletal warrior but does no damage.
The skeletal warrior hits Xiloxoch with a +0 scimitar!
Found 15 stones.
Xiloxoch hits the skeletal warrior with a +0 quarterstaff!
You block the skeletal warrior's attack.
The skeletal warrior hits Xiloxoch with a +0 scimitar.
Casting: Searing Ray (safe; 0% risk of failure)
Confirm with . or Enter, or press ? or * to list all spells.
Casting: Flame Wave (safe; 1% risk of failure)
Press: ? - help, Dir - look around, f - activate A wave of flame ripples out!
Xiloxoch avoids your attack.
The flame wave engulfs the skeletal warrior!
The skeletal warrior is moderately damaged.
The flame wave engulfs the skeletal warrior.
The skeletal warrior is heavily damaged. (Press . to intensify the flame waves.) Xiloxoch casts a spell at the skeletal warrior.
The stone arrow hits the skeletal warrior!
The skeletal warrior hits you with a +0 halberd!
The skeletal warrior hits Xiloxoch with a +0 scimitar!!
Xiloxoch is destroyed!
A skeletal warrior comes into view. It is wielding a +0 mace.
A wave of flame ripples out!
The flame wave engulfs the skeletal warrior!
The skeletal warrior is moderately damaged.
The flame wave engulfs the skeletal warrior.
The skeletal warrior is almost destroyed.
The skeletal warrior hits you with a +0 halberd!
The skeletal warrior hits you with a +0 scimitar!!
* * * LOW HITPOINT WARNING * * *
A wave of flame ripples out!
The flame wave engulfs the skeletal warrior!
The skeletal warrior is severely damaged.
The flame wave engulfs the skeletal warrior!
You destroy the skeletal warrior!
You finish channelling waves of flame.
The skeletal warrior hits you with a +0 halberd!!
You die...

#......#..........#..
#......#..........#..
###......#..........###
#........#...........>.
#........#.........####
#.......##.........# ,
#.......#....#######,
#####...#....# ,
#.@.#....#, ,
#.z)#....#, ,
#...###### , , #...., ,
#..... , , #......
#z.#####* *#.(# * * , ,


You could see 2 skeletal warriors.

Vanquished Creatures
  Fannar (D:11)
  A hydra (D:11)
  A two-headed ogre (D:10)
  Erica (D:10)
  A skeletal warrior (D:12)
  An orc knight (Bailey)
  A gargoyle (D:11)
  3 slime creatures (D:11)
  3 yaks (D:9)
  A wyvern (D:8)
  A wraith (D:11)
  3 vampire mosquitoes (D:10)
  An acid dragon (D:11)
  3 wargs (D:10)
  3 orc warriors
  A black bear (D:4)
  A centaur (D:9)
  2 necrophages
  2 ogres
  A phantom (D:5)
  Blork the orc (D:5)
  2 bullfrogs
  3 scorpions
  A water moccasin skeleton (D:4)
  9 killer bees
  3 howler monkeys (D:9)
  A jelly (D:5)
  2 hounds
  A centaur zombie (D:9)
  6 orc priests
  A gnoll shaman (D:4)
  2 bullfrog skeletons
  2 iguanas (D:5)
  5 orc wizards
  A hell rat (Sewer)
  A hound zombie (D:5)
  12 gnolls
  2 river rats
  3 adders
  A shadow imp (D:6)
  2 white imps
  An adder skeleton (D:4)
  3 worms
  5 dart slugs
  36 orcs
  16 bats
  6 endoplasms
  4 giant cockroaches
  10 hobgoblins
  9 jackals
  20 kobolds
  10 quokkas
  7 ball pythons
  4 frilled lizards
  10 goblins
  A goblin skeleton (D:6)
  3 hobgoblin zombies (D:6)
  A kobold skeleton (D:6)
  An orc skeleton (D:6)
  13 rats
  A spectral orc (D:5)
254 creatures vanquished.

Vanquished Creatures (collateral kills)
  2 two-headed ogres
  An orc knight (Bailey)
  A gargoyle (D:10)
  A yaktaur (shapeshifter) (D:12)
  A troll (D:10)
  A dream sheep (D:7)
  A meliai zombie (D:10)
  A slime creature (D:11)
  A yak (D:9)
  A vampire (D:11)
  A wyvern (D:8)
  A steam dragon (D:9)
  A vampire mosquito (D:10)
  A swamp drake (D:10)
  9 orc warriors
  3 ogres
  A wyvern zombie (D:6)
  A killer bee (D:9)
  A hound (D:7)
  3 centaur zombies
  4 orc priests
  A centaur skeleton (D:6)
  A gnoll shaman (D:5)
  2 iguanas (D:6)
  8 orc wizards
  A killer bee zombie (D:9)
  4 gnolls
  An adder (D:5)
  13 orcs
  2 goblins
  A hobgoblin (Bailey)
  A kobold (Bailey)
  A kobold zombie (D:6)
73 creatures vanquished.

Vanquished Creatures (others)
  4 dream sheep (D:7)
  2 ancestors (D:5)
  8 battlemagi
  60 foxfires
74 creatures vanquished.

Grand Total: 401 creatures vanquished

Notes
Turn   | Place    | Note
-------+----------+-------------------------------------------
     0 | D:1      | BeingJoeMalik the Tengu Conjurer began the quest for the
                  | Orb.
     0 | D:1      | Reached XP level 1. HP: 10/10 MP: 4/4
   115 | D:1      | Reached XP level 2. HP: 12/15 MP: 1/6
   221 | D:1      | Learned a level 2 spell: Searing Ray
   519 | D:1      | Reached skill level 6 in Conjurations
   648 | D:1      | Reached XP level 3. HP: 20/20 MP: 4/7
  1073 | D:2      | Reached skill level 1 in Fighting
  1084 | D:2      | Found Oru Wiali's Antique Weapon Boutique.
  1410 | D:2      | Reached XP level 4. HP: 25/25 MP: 3/8
  1579 | D:2      | Reached skill level 7 in Conjurations
  1866 | D:2      | Gained mutation: Your magical nature lets you fly swiftly
                  | and evasively. [Tengu growth]
  1866 | D:2      | Reached XP level 5. HP: 30/30 MP: 7/10
  2925 | D:3      | Found a hazy altar of Hepliaklqana.
  2933 | D:3      | Became a worshipper of Hepliaklqana the Forgotten
  3336 | D:4      | Reached XP level 6. HP: 35/35 MP: 3/11
  3545 | D:4      | Found a glowing drain.
  3580 | Sewer    | Entered a sewer
  3865 | D:4      | Noticed a black bear
  3871 | D:4      | Killed a black bear
  3872 | D:4      | Reached skill level 8 in Conjurations
  3979 | D:4      | Found a shadowy altar of Dithmenos.
  4003 | D:4      | Reached * piety under Hepliaklqana
  4029 | D:4      | Found an ornate altar of the Wu Jian Council.
  4058 | D:4      | Found a stormy altar of Qazlal.
  4170 | D:4      | Reached skill level 1 in Shields
  4170 | D:4      | Reached XP level 7. HP: 36/36 MP: 6/13
  4442 | D:4      | Learned a level 1 spell: Foxfire
  5002 | D:5      | Entered Level 5 of the Dungeon
  5239 | D:5      | Noticed Blork the orc
  5249 | D:5      | Killed Blork the orc
  5250 | D:5      | Reached skill level 1 in Fire Magic
  5344 | D:5      | Learned a level 3 spell: Conjure Flame
  5527 | D:5      | Reached skill level 9 in Conjurations
  5621 | D:5      | Reached XP level 8. HP: 41/41 MP: 10/15
  5769 | D:5      | Identified a scroll of acquirement
  5769 | D:5      | Acquired the ring of Suspicion {rPois rN+}
  6288 | D:5      | Reached skill level 5 in Spellcasting
  6422 | D:5      | Reached ** piety under Hepliaklqana
  6428 | D:5      | Remembered your ancestor Xiloxoch as a battlemage
  6605 | D:5      | Found a basalt altar of Yredelemnul.
  7298 | D:6      | Reached skill level 10 in Conjurations
  7304 | D:6      | Learned a level 4 spell: Flame Wave
  7629 | D:5      | Reached XP level 9. HP: 19/46 MP: 6/18
  7893 | D:6      | Found a glowing golden altar of the Shining One.
  8372 | D:6      | Found a bloodstained altar of Trog.
  8452 | D:7      | Gained mutation: You are partially covered in iridescent
                  | scales. (AC +2) [potion of mutation]
  8452 | D:7      | Gained mutation: You passively map a small area around you.
                  | [potion of mutation]
  8585 | D:7      | Found a staircase to the Ecumenical Temple.
  8593 | Temple   | Entered the Ecumenical Temple
  8833 | D:7      | Found a shimmering altar of Xom.
  9222 | D:7      | Reached *** piety under Hepliaklqana
  9254 | D:8      | Found Dox Egy's Distillery.
  9400 | D:8      | Reached skill level 5 in Fighting
  9400 | D:8      | Reached skill level 11 in Conjurations
  9894 | D:8      | Found a glowing silver altar of Zin.
 10127 | D:9      | Found an iron altar of Okawaru.
 10322 | D:2      | Bought a shimmering whip for 210 gold pieces
 10322 | D:2      | Identified the +7 whip of the Common Good {vamp, Str+2
                  | Int+4} (You bought it in a shop on level 2 of the Dungeon)
 10629 | D:9      | Found an ancient bone altar of Kikubaaqudgha.
 10664 | D:9      | Reached **** piety under Hepliaklqana
 10692 | D:9      | Reached XP level 10. HP: 42/53 MP: 4/21
 11254 | D:9      | Reached skill level 5 in Shields
 11359 | D:9      | Noticed a two-headed ogre
 11361 | D:9      | Reached skill level 12 in Conjurations
 11365 | D:9      | Killed a two-headed ogre
 11366 | D:9      | Reached skill level 5 in Fire Magic
 11438 | D:9      | Found a hide-covered altar of Uskayaw.
 11462 | D:9      | Learned a level 4 spell: Sticky Flame
 11698 | D:10     | Entered Level 10 of the Dungeon
 11698 | D:10     | Noticed Erica
 11733 | D:10     | Found a sacrificial altar of Ru.
 11826 | D:10     | Found a staircase to the Lair.
 11988 | D:10     | Killed Erica
 12006 | D:10     | Found a flagged portal.
 12011 | Bailey   | Entered a bailey
 12131 | Bailey   | Noticed an orc knight
 12294 | Bailey   | Killed an orc knight
 12295 | Bailey   | Reached XP level 11. HP: 59/59 MP: 9/24
 12460 | Bailey   | Reached skill level 13 in Conjurations
 12496 | Bailey   | Noticed an orc knight
 12513 | Bailey   | Killed an orc knight
 13139 | D:10     | Noticed a two-headed ogre
 13150 | D:10     | Killed a two-headed ogre
 13918 | D:10     | Found a staircase to the Orcish Mines.
 14059 | D:10     | Found a radiant altar of Vehumet.
 14061 | D:10     | Found a sparkling altar of Nemelex Xobeh.
 14415 | D:11     | Reached XP level 12. HP: 64/64 MP: 25/29
 14416 | D:11     | Reached skill level 16 in Conjurations
 14416 | D:11     | Reached XP level 13. HP: 68/68 MP: 25/30
 14458 | D:11     | Noticed Fannar
 14475 | D:11     | Killed Fannar
 14751 | D:11     | Reached skill level 17 in Conjurations
 15845 | D:12     | Reached ***** piety under Hepliaklqana
 15966 | D:12     | Slain by a skeletal warrior

Illustrated notes

Levels and vault maps discovered:
D:1:      tarquinn_simple_flora_water_a, layout_basic, minmay_misc_feat_hallway,
          dk_noncrumbling_3
D:2:      layout_basic, serial_shops, nicolae_shop_hallway_stairs, st_stairs_8
D:3:      layout_rooms, mainiacjoe_overflow_cross_hatched, roderic_batcave,
          roderic_roman_lattice
D:4:      layout_loops_ring, kennysheep_mini,
          mainiacjoe_overflow_catch_the_wave, gup_sewer_entry_bubbles
D:5:      layout_loops_corners, yredelemnul_forgotten_temple_becter,
          uniq_blork_the_orc
D:6:      hellmonk_destroyed_diamonds, layout_basic, trog_antimagical,
          nicolae_tso_besieged_by_evil
D:7:      layout_loops_cross, kb_xom_exploding_sheep,
          minmay_temple_entry_statues_pillars
D:8:      layout_cave_pods, mainiacjoe_overflow_surrounded_room, serial_shops,
          nicolae_diamond_shop, serial_column_ruins, column_ruins_hut,
          column_ruins_corridor_straight, column_ruins_columns_dead_end,
          column_ruins_columns_straight, column_ruins_columns_straight
D:9:      layout_roguey, mainiacjoe_overflow_brackets, kiku_gazebo_pond_becter,
          okawaru_gym_becter
D:10:     layout_gridville, nicolae_overflow_crystal_walls,
          jmf_multi_god_temple, erik_lair_orcish_takeover, erik_orc_1,
          enter_bailey_3, uniq_erica
D:11:     layout_gridville, uniq_fannar
D:12:     layout_irregular_city
Temple:   corrupted_temple

Skill      XL: |  1  2  3  4  5  6  7  8  9 10 11 12 13 |
---------------+----------------------------------------+-----
Conjurations   | 6 7 8 9 10 11 12 13 16 17 | 17.2
Fighting       | 1 2 3 4 5 6 7 |  7.6
Spellcasting   | 3 4 5 7 8 12 | 12.4
Shields        | 1 2 3 4 5 6 |  6.8
Fire Magic     | 1 2 4 5 6 7 |  7.1
Dodging        | |  2.1
Stealth        | |  2.0

Action                   |  1- 3 |  4- 6 |  7- 9 | 10-12 | 13-15 || total
-------------------------+-------+-------+-------+-------+-------++-------
Melee: Kick              |     1 |     2 |       |       |       ||     3
       Unarmed           |     1 |       |       |       |       ||     1
       Dagger            |       |     7 |     1 |       |       ||     8
       Peck              |       |     1 |       |       |       ||     1
       Whip              |       |       |       |     1 |       ||     1
Throw: Dart              |       |       |     4 |       |       ||     4
 Cast: Magic Dart        |    53 |    76 |   181 |   122 |    16 ||   448
       Searing Ray       |     5 |    21 |    36 |    32 |    10 ||   104
       Foxfire           |       |       |    15 |    16 |     4 ||    35
       Flame Wave        |       |       |     1 |     9 |     7 ||    17
       Conjure Flame     |       |       |       |     3 |     1 ||     4
       Sticky Flame      |       |       |       |     1 |     2 ||     3
Invok: Recall Ancestor   |       |       |     6 |     3 |       ||     9
       Ancestor Life: Ba |       |       |     1 |       |       ||     1
  Use: Scroll            |       |       |    12 |     5 |       ||    17
       Potion            |       |       |     9 |     2 |     1 ||    12
 Stab: Sleeping          |       |     2 |       |     1 |       ||     3
Armor: Robe              |       |     5 |     3 |       |       ||     8
       Steam dragon scal |       |       |       |     6 |     3 ||     9
Dodge: Dodged            |       |    33 |    25 |    45 |     8 ||   111
Block: Buckler           |       |       |     4 |    25 |     8 ||    37
